 Dungeon Crawl Stone Soup version 0.30-a0-760-g5a9884bb7c (webtiles) character file.

Game seed: 9799174725454819546

1538 Monkooky the Twirler (level 8, -5/51 (57) HPs)
             Began as a Mummy Gladiator on Feb 10, 2023.
             Was an Elder of Cheibriados.
             Killed from afar by a steam dragon (27 damage)
             ... with a ball of steam
             ... on level 7 of the Dungeon.
             The game lasted 00:14:13 (6163 turns).

Monkooky the Twirler (Mummy Gladiator)              Turns: 6163, Time: 00:14:13

HP:   -5/51 (57)    AC:  9    Str: 29    XL:     8   Next: 56%
MP:   11/12         EV: 12    Int: 16    God:    Cheibriados [****..]
Gold: 466           SH:  0    Dex: 22    Spells: 9/11 levels left

rFire   x . .      SeeInvis .    a - +0 quarterstaff
rCold   + . .      Faith    +    (shield currently unavailable)
rNeg    + + +      Spirit   .    s - +0 ring mail of Weightlessness {Will+}
rPois   ∞          Reflect  .    c - +0 helmet
rElec   .          Harm     .    x - +0 cloak
rCorr   .          Rampage  .    k - +0 pair of gloves
Will    ++...                    q - +0 pair of boots
Stlth   +                        r - amulet of magic regeneration
HPRegen 0.28/turn                (no ring)
MPRegen 0.53/turn                (no ring)

@: heavily drained, very slow
A: cold resistance 1, negative energy resistance 3, torment resistance 2, heat
vulnerability 1, in touch with death 1, no potions, faith
a: Renounce Religion, Bend Time, Temporal Distortion, Slouch


You were on level 7 of the Dungeon.
You worshipped Cheibriados.
Cheibriados was greatly pleased with you.
You visited 2 branches of the dungeon, and saw 8 of its levels.
You also visited: Ossuary.

You collected 466 gold pieces.

Inventory:

Hand Weapons
 a - a +0 quarterstaff (weapon)
 w - the +5 dagger of the Exiled Ultimatums {flame, *Rage rF++}
   (You found it on level 5 of the Dungeon)

   rF:        It greatly protects you from fire.
   *Rage:     It berserks you when you make melee attacks (+20% chance).
Missiles
 d - 2 throwing nets (quivered)
 e - a javelin
Armour
 b - a +0 leather armour
 c - a +0 helmet (worn)
 h - a +0 scale mail
 k - a +0 pair of gloves (worn)
 m - the +2 hat of the Mackerel {Int+8 SInv}
   (You acquired it on level 6 of the Dungeon)

   Int:       It affects your intelligence (+8).
   SInv:      It lets you see invisible.
 q - a +0 pair of boots (worn)
 s - the +0 ring mail of Weightlessness (worn) {Will+}
   (You found it on level 4 of the Dungeon)

   Will:      It increases your willpower.
 x - a +0 cloak (worn)
Jewellery
 r - an amulet of magic regeneration (around neck)
Wands
 i - a wand of flame (12)
Scrolls
 f - 6 scrolls of teleportation
 g - 3 scrolls of enchant armour {unknown}
 j - 2 scrolls of magic mapping {unknown}
 l - 3 scrolls of immolation
 n - 2 scrolls of amnesia
 o - a scroll of noise
 p - a scroll of blinking
 t - a scroll of enchant weapon
 u - a scroll of fear
 v - a scroll of poison


   Skills:
 - Level 2.8 Fighting
 + Level 6.4 Staves
 - Level 1.5 Throwing
 - Level 2.4 Dodging
 - Level 2.3 Spellcasting
 - Level 1.7 Necromancy
 - Level 0.9 Air Magic
 - Level 1.0 Poison Magic
 - Level 6.0 Invocations


You had 9 spell levels left.
You knew the following spells:

 Your Spells              Type           Power      Damage    Failure   Level
a - Cigotuvi's Dreadful   Necr/Pois/Air  16%        N/A       26%         2

Your spell library contained the following spells:

 Spells                   Type           Power      Damage    Failure   Level
 Shock                    Conj/Air       12%        1d3       24%         1
 Poisonous Vapours        Pois/Air       10%        N/A       30%         2
 Ensorcelled Hibernation  Hex/Ice        2%         N/A       41%         2
 Swiftness                Air            4%         N/A       52%         3
 Mephitic Cloud           Conj/Pois/Air  3%         N/A       56%         3
 Airstrike                Air            2%         2d(1-17)  89%         4
 Anguish                  Hex/Necr       3%         N/A       90%         4
 Animate Armour           Summ/Erth      2%         N/A       96%         4
 Iskenderun's Mystic Bla  Conj/Tloc      1%         2d3       96%         4
 Summon Forest            Summ/Tloc      0%         N/A       100%        5
 Yara's Violent Unravell  Hex/Tmut       0%         3d3       100%        5
 Iron Shot                Conj/Erth      0%         9d1       100%        6
 Starburst                Conj/Fire      0%         6d3       100%        6
 Enfeeble                 Hex            0%         N/A       100%        7
 Spider Form              Tmut/Pois      Unusable   N/A       N/A         3
 Blade Hands              Tmut           Unusable   N/A       N/A         5

Dungeon Overview and Level Annotations

Branches:
Dungeon (7/15)             Temple (1/1) D:4         Ossuary (visited)

Altars:
Ashenzari
Cheibriados
Dithmenos
Fedhas
Gozag
Hepliaklqana
Kikubaaqudgha
Okawaru
Qazlal
Ru
Trog
Uskayaw
Vehumet
Wu Jian
Yredelemnul

Shops:
D:2 *(

Annotations:
D:4 3 runed translucent doors, hgbash's ghost, amateur MfIE


Innate Abilities, Weirdness & Mutations

You are immune to poison.
Your flesh is cold resistant. (rC+)
You are immune to negative energy. (rN+++)
You are immune to unholy pain and torment.
You are vulnerable to heat. (rF-)
You are in touch with the powers of death.
You do not drink.
You have a special connection with the divine. (Faith)


Message History

Found an emerald potion.
Found a stone staircase leading down.
A steam dragon comes into view.
The steam dragon hisses angrily.
The steam dragon breathes steam at you. The ball of steam hits you.
The steam scalds you terribly!
You are engulfed in a cloud of scalding steam.
The steam dragon breathes steam at you. The ball of steam misses you.
You completely miss the steam dragon. The steam dragon barely misses you.
The steam dragon claws you.
You closely miss the steam dragon. The steam dragon bites you.
The steam dragon barely misses you.
You closely miss the steam dragon. The steam dragon barely misses you.
The steam dragon claws you but does no damage.
You thump the steam dragon!
The steam dragon is heavily wounded.
The steam dragon breathes steam at you. The ball of steam hits you!
The steam scalds you terribly! The steam dragon bites you.
The steam dragon claws you. The flow of time bends around you.
Cheibriados rebukes the steam dragon.
The steam dragon seems to slow down.
The steam dragon breathes steam at you. The ball of steam misses you.
You barely miss the steam dragon.
The steam dragon is heavily wounded.
The steam dragon bites you. The steam dragon barely misses you.
Casting: Cigotuvi's Dreadful Rot (dangerous; 26% risk of failure)
Confirm with . or Enter, or press ? or * to list all spells.
You feel a surge of power!
A part of your flesh rots into a cloud of miasma!
You feel drained. The steam dragon closely misses you.
The steam dragon claws you but does no damage.
You hit the steam dragon but do no damage.
The steam dragon is heavily wounded.
The steam dragon breathes steam at you. The ball of steam hits you!!
The steam scalds you terribly!
Ouch! That really hurt!
You die...

.######.##### ## #.#
.) ##.# #########
#.##..## #.......#
###...)).# #.......#
#....).#.####.......#
...######............#
# ####..............#
####.D@.######.......#
#.>..#### #.......#
.....#### #.......#
..## #.....!.#
#.......# #########


You could see a steam dragon (slow, catching breath).

Vanquished Creatures
  An orc warrior (D:7)
  A black bear (D:4)
  An ogre (D:5)
  2 phantoms
  A bullfrog (D:6)
  3 scorpions
  A necrophage (D:5)
  A howler monkey (D:4)
  A hound (D:6)
  2 centaur zombies (Ossuary)
  A human zombie (Ossuary)
  A gnoll bouda (D:5)
  2 orc priests
  4 iguanas
  Terence (D:3)
  4 orc wizards (D:6)
  2 mummies (Ossuary)
  Robin (D:4)
  5 gnolls (D:5)
  4 adders
  2 shadow imps
  2 white imps
  3 ufetubi
  An adder zombie (Ossuary)
  3 worms
  4 dart slugs
  29 orcs
  6 ball pythons
  8 endoplasms
  4 giant cockroaches
  16 goblins
  11 hobgoblins
  5 jackals (D:4)
  2 quokkas
  6 bats
  A frilled lizard (D:1)
  3 goblin zombies (Ossuary)
  10 hobgoblin zombies (Ossuary)
  2 jackal zombies (Ossuary)
  6 kobolds
  6 kobold zombies (Ossuary)
  10 orc zombies (Ossuary)
  6 rats
  3 rat zombies
188 creatures vanquished.

Notes
Turn   | Place    | Note
-------+----------+-------------------------------------------
     0 | D:1      | Monkooky the Mummy Gladiator began the quest for the Orb.
     0 | D:1      | Reached XP level 1. HP: 16/16 MP: 1/1
    87 | D:1      | Reached XP level 2. HP: 9/22 MP: 2/2
   471 | D:2      | Found Lasuot's Weapon Shop.
   640 | D:2      | Gained mutation: You are in touch with the powers of death.
                  | [Mummy growth]
   640 | D:2      | Reached XP level 3. HP: 27/27 MP: 3/3
   682 | D:2      | Found Gaim's Assorted Antiques.
   753 | D:2      | Found a faded altar of an unknown god.
  1222 | D:2      | Got the Teachings on the Unstable Summer
  1395 | D:2      | Found Faoxka's Armour Shoppe.
  1581 | D:3      | Reached XP level 4. HP: 26/33 MP: 4/4
  1783 | D:3      | Learned a level 2 spell: Cigotuvi's Dreadful Rot
  1792 | D:3      | Noticed Terence
  1811 | D:3      | Killed Terence
  1911 | D:3      | Reached skill level 1 in Spellcasting
  2144 | D:4      | Identified the +0 ring mail of Weightlessness {Will+}
  2184 | D:4      | Found a staircase to the Ecumenical Temple.
  2189 | D:4      | Reached skill level 1 in Necromancy
  2196 | Temple   | Entered the Ecumenical Temple
  2265 | Temple   | Became a worshipper of Cheibriados the Contemplative
  2287 | D:4      | Noticed a phantom
  2298 | D:4      | Found a runed translucent gate.
  2298 | D:4      | Identified the +6 short sword "Culax" {freeze, rF+ rN+
                  | Str+8}
  2298 | D:4      | Identified the +0 chain mail of the Lost Path {rElec Str+3}
  2299 | D:4      | Noticed hgbash's ghost (amateur MfIE)
  2306 | D:4      | Found a runed translucent gate.
  2306 | D:4      | Found a runed translucent gate.
  2309 | D:4      | Killed a phantom
  2310 | D:4      | Reached XP level 5. HP: 29/38 MP: 5/8
  2347 | D:4      | Found a sand-covered staircase.
  2357 | Ossuary  | Entered an ossuary
  2402 | Ossuary  | Reached skill level 1 in Poison Magic
  2440 | Ossuary  | Reached * piety under Cheibriados
  2507 | Ossuary  | Reached XP level 6. HP: 39/44 MP: 9/9
  2633 | Ossuary  | Reached ** piety under Cheibriados
  2756 | D:4      | Reached skill level 5 in Staves
  2884 | D:4      | Noticed Robin
  2942 | D:4      | Killed Robin
  2942 | D:4      | Reached *** piety under Cheibriados
  3140 | D:4      | Reached skill level 1 in Invocations
  3245 | D:4      | Reached XP level 7. HP: 36/51 MP: 10/10
  3335 | D:4      | Found a stormy altar of Qazlal.
  3766 | D:5      | Entered Level 5 of the Dungeon
  4493 | D:5      | Identified the +5 dagger of the Exiled Ultimatums {flame,
                  | *Rage rF++}
  4495 | D:5      | Identified the +3 sling of Refapy {drain, Drain rPois rN+
                  | Dex+2}
  4737 | D:5      | Reached skill level 5 in Invocations
  4816 | D:5      | Reached XP level 8. HP: 57/57 MP: 10/12
  5053 | D:6      | Reached **** piety under Cheibriados
  5248 | D:6      | Found a basalt altar of Yredelemnul.
  5898 | D:6      | Identified a scroll of acquirement
  5899 | D:6      | Acquired the +2 hat of the Mackerel {Int+8 SInv}
  6163 | D:7      | Killed from afar by a steam dragon

Illustrated notes

Levels and vault maps discovered:
D:1:      dpeg_arrival_round_c, layout_rooms
D:2:      layout_basic, serial_shops, shop, shop,
          nicolae_shop_bloodbath_and_beyond, hellmonk_ecumenical_altar_blasted,
          serial_forest, infiniplex_forest_lined_2, infiniplex_forest_lined_3,
          infiniplex_forest_lined_3, infiniplex_forest_side_room,
          infiniplex_forest_straight_3, infiniplex_forest_corner_1,
          infiniplex_forest_corner_1
D:3:      layout_basic, uniq_terence
D:4:      kennysheep_goblin_castle, layout_gridville, grunt_qazlal_clouds,
          minmay_temple_entry_ruins, biasface_ghost_orc_armoury, enter_ossuary_3
D:5:      layout_loops_ring
D:6:      layout_loops_ring, mainiacjoe_overflow_cross_hatched
D:7:      layout_rooms, overflow_temple_1_default, enter_bailey_5,
          dilly_guarded_unrand_throatcut
Temple:   hellmonk_temple_of_storms

Skill      XL: |  1  2  3  4  5  6  7  8 |
---------------+-------------------------+-----
Staves         | 3 4 5 6 |  6.4
Spellcasting   | 2 |  2.3
Necromancy     | 1 |  1.7
Poison Magic   | 1 |  1.0
Invocations    | 2 5 6 |  6.0
Fighting       | |  2.8
Throwing       | |  1.5
Dodging        | |  2.4
Air Magic      | |  0.9

Action                     |  1- 3 |  4- 6 |  7- 9 || total
---------------------------+-------+-------+-------++-------
  Melee: Quarterstaff      |   104 |   288 |   236 ||   628
  Throw: Javelin           |       |       |     3 ||     3
         Throwing net      |       |       |     2 ||     2
   Cast: Cigotuvi's Dreadf |       |       |     2 ||     2
 Invoke: Bend Time         |       |     1 |     2 ||     3
         Slouch            |       |       |     2 ||     2
    Use: Scroll            |       |       |     9 ||     9
 Armour: Leather armour    |     6 |       |       ||     6
         Scale mail        |    32 |    17 |       ||    49
         Ring mail         |       |   123 |    87 ||   210
  Dodge: Dodged            |    61 |   226 |   153 ||   440

Table legend: (Time is in decaauts)
 A = Elapsed time spent in this place.
 B = Non-inter-level travel time spent in this place.
 C = Inter-level travel time spent in this place.
 D = Time resting spent in this place.
 E = Time spent auto-exploring this place.
 F = Levels seen in this place.
 G = Mean time per level.
                   A        B        C        D        E       F      G
               +--------+--------+--------+--------+--------+-----+--------+
         Total |   7556 |   7303 |    253 |    376 |   5343 |   9 |  839.6 |
       Dungeon |   7031 |   6778 |    253 |    376 |   5148 |   7 | 1004.4 |
        Temple |     96 |     96 |      0 |      0 |      0 |   1 |   96.0 |
       Ossuary |    428 |    428 |      0 |      0 |    194 |   1 |  428.0 |
               +--------+--------+--------+--------+--------+-----+--------+

Top non-repeatable levels by time:
     D:5: 1671 daAuts
     D:4: 1628 daAuts
     D:6: 1305 daAuts
     D:2: 1052 daAuts
     D:3: 605 daAuts
     D:1: 477 daAuts
 Ossuary: 428 daAuts
     D:7: 292 daAuts
  Temple: 96 daAuts
